 Dungeon Sprint DCSS version 0.19.1-1-g22dce08 (webtiles) character file.

2000000 Slime the Archmage (level 17, -4/136 HPs)
             Began as a Deep Elf Wizard on Jan 1, 2017.
             Slain by a meat berserker
             ... wielding a +9 battleaxe
              (62 damage)
             ... in the Dungeon (Sprint VIII: "Arena of Blood").
             The game lasted 00:01:23 (20 turns).

Slime the Archmage (Deep Elf Wizard)                  Turns: 20, Time: 00:01:23

Health: -4/136     AC:  2    Str:  9    XL:     17   Next: 90%
Magic:  11/50      EV: 30    Int: 26    God:
Gold:   0          SH:  0    Dex: 13    Spells: 1 memorised, 69 levels left

rFire  . . .     SeeInvis .     k - +∞ Axe of Woe
rCold  . . .     Gourm    .     a - +0 robe
rNeg   . . .     Faith    .     (shield currently unavailable)
rPois  .         Spirit   .     b - +0 hat
rElec  .         Reflect  .     (no cloak)
rCorr  .         Harm     .     (no gloves)
MR     +....     NoTele   +     (no boots)
Stlth  +++++++++.               (no amulet)
                                (no ring)
                                (no ring)

@: no status effects
A: no striking features
a: no special abilities


You were in the Dungeon.
You were not hungry.

You visited 1 branch

Inventory:

Hand Weapons
 k - the +∞ Axe of Woe (weapon)
   (You found it in the Dungeon)
Armour
 a - a +0 robe (worn)
 b - a +0 hat (worn)
Scrolls
 j - a scroll of blinking
Potions
 e - a potion of curing
 f - a potion of heal wounds
 g - a potion of haste
 h - 2 potions of magic
 i - a potion of berserk rage
Books
 c - a book of Minor Magic

   Spells                             Type                      Level
   a - Magic Dart                     Conjuration                  1
   b - Blink                          Translocation                2
   c - Call Imp                       Summoning                    2
   d - Repel Missiles                 Charms/Air                   2
   e - Slow                           Hexes                        2
   f - Conjure Flame                  Conjuration/Fire             3
   g - Mephitic Cloud                 Conjuration/Poison/Air       3
Comestibles
 d - a bread ration


   Skills:
 + Level 26.1 Fighting
 - Level 16.5 Axes
 O Level 27 Dodging
 O Level 27 Stealth
 O Level 27 Spellcasting
 - Level 21.9 Conjurations
   Level 1.1 Summonings
   Level 1.1 Translocations


You had 69 spell levels left.
You knew the following spells:

 Your Spells              Type           Power        Failure   Level  Hunger
a - Magic Dart            Conj           ####         0%          1    None


Dungeon Overview and Level Annotations

Branches:
Dungeon (1/1)

Altars:
Makhleb


Message History

2 orcs come into view.
You slash the bag of meat!
You fatally mangle the bag of meat.
You kill the bag of meat!
Your Fighting skill gained 3 levels and is now at level 19!
You have reached level 17!
You slice the bag of meat!! You chop the bag of meat into pieces.
You kill the bag of meat!
Your Fighting skill gained 3 levels and is now at level 22!
You hear a shout! x11
You slash the bag of meat!
You butcher the bag of meat messily.
You kill the bag of meat!
Your Fighting skill gained 2 levels and is now at level 24!
You slash the bag of meat!
You hew the bag of meat savagely.
You kill the bag of meat!
Your Fighting skill gained 2 levels and is now at level 26!
You hear a shout!
The meat berserker rages.
You hear a shout! x3
The meat berserker hits you with a +9 battleaxe!!!
You die...

........O.....
.............
..o.........
.......Co..
.....o..oo
#....o..#
#....)oo# .
.###....)@)###...
......###O.......
......._.o.......
....#.....#......
. #_o<._#......
#.....#......
....._.........
......###........
.###.. ...###...


You could see a large bag of meat (inner flame), 2 meat berserkers and 10 bags
of meat.

Vanquished Creatures
  2 ogres (D)
  11 orcs (D)
13 creatures vanquished.

Notes
Turn   | Place    | Note
-------+----------+-------------------------------------------
     0 | D        | Slime the Deep Elf Wizard began the quest for the Orb.
     0 | D        | Reached XP level 1. HP: 10/10 MP: 7/7
     3 | D        | Noticed a bag of meat
     5 | D        | Noticed a bag of meat
     6 | D        | Noticed a bag of meat
     7 | D        | Killed a bag of meat
     7 | D        | Reached skill level 27 in Spellcasting
     7 | D        | Reached XP level 2. HP: 15/15 MP: 7/32
     7 | D        | Reached XP level 3. HP: 19/19 MP: 7/33
     7 | D        | Reached XP level 4. HP: 24/24 MP: 7/35
     7 | D        | Reached XP level 5. HP: 28/28 MP: 7/36
     7 | D        | Reached XP level 6. HP: 32/32 MP: 7/38
     7 | D        | Reached XP level 7. HP: 36/36 MP: 7/39
     7 | D        | Reached XP level 8. HP: 41/41 MP: 7/41
     7 | D        | Reached XP level 9. HP: 45/45 MP: 7/42
     7 | D        | Reached XP level 10. HP: 50/50 MP: 7/43
     7 | D        | Reached XP level 11. HP: 54/54 MP: 7/44
     8 | D        | Killed a bag of meat
     8 | D        | Reached skill level 5 in Conjurations
     8 | D        | Reached XP level 12. HP: 59/59 MP: 7/45
     9 | D        | Noticed a bag of meat
     9 | D        | Noticed a meat berserker
     9 | D        | Killed a bag of meat
     9 | D        | Reached skill level 10 in Axes
     9 | D        | Reached XP level 13. HP: 63/63 MP: 8/46
    10 | D        | Noticed a meat berserker
    11 | D        | Noticed a bag of meat
    11 | D        | Noticed a bag of meat
    11 | D        | Noticed a bag of meat
    11 | D        | Noticed a bag of meat
    12 | D        | Noticed a bag of meat
    12 | D        | Killed a meat berserker
    12 | D        | Reached XP level 14. HP: 68/68 MP: 8/47
    12 | D        | Killed a meat berserker
    12 | D        | Reached skill level 27 in Dodging
    12 | D        | Reached skill level 27 in Stealth
    12 | D        | Reached XP level 15. HP: 77/77 MP: 8/48
    15 | D        | Reached XP level 16. HP: 82/82 MP: 9/49
    17 | D        | Noticed a large bag of meat
    17 | D        | Noticed a meat berserker
    19 | D        | Reached XP level 17. HP: 52/124 MP: 10/50
    20 | D        | Slain by a meat berserker

Skill      XL: |  1  2  3  4  5  6  7  8  9 10 11 12 13 14 15 16 17 |
---------------+----------------------------------------------------+-----
Axes           | 4 7 10 13 16 | 16.5
Dodging        | 14 19 21 25 27 | 27.0
Stealth        | 13 18 20 24 27 | 27.0
Spellcasting   | 27 | 27.0
Conjurations   | 3 5 6 8 9 21 | 21.9
Fighting       | 2 19 26 | 26.1
Summonings     | |  1.1
Translocations | |  1.1

Action                   |  1- 3 |  4- 6 |  7- 9 | 10-12 | 13-15 | 16-18 || total
-------------------------+-------+-------+-------+-------+-------+-------++-------
Melee: Executioner's axe |     1 |       |       |     2 |     2 |     3 ||     8
 Cast: Magic Dart        |       |       |       |       |     1 |       ||     1
